 Dungeon Crawl Stone Soup version 0.22.0-32-gbc6daba (webtiles) character file.

2478 Loudmushroom the Cleaver (level 9, 79/79 HPs)
             Began as a Minotaur Fighter on Aug 23, 2018.
             Quit the game on level 7 of the Dungeon.
             The game lasted 00:37:18 (6211 turns).

Loudmushroom the Cleaver (Minotaur Fighter)         Turns: 6211, Time: 00:37:19

Health: 79/79      AC: 18    Str: 28    XL:     9   Next: 27%
Magic:  8/8        EV:  4    Int:  5    God:
Gold:   218        SH: 18    Dex: 14    Spells: 8/8 levels left

rFire    . . .     SeeInvis .   j - +1 war axe (chop)
rCold    . . .     Gourm    .   C - +1 large shield
rNeg     . . .     Faith    .   s - +0 plate armour
rPois    .         Spirit   .   (helmet restricted)
rElec    .         Reflect  .   (no cloak)
rCorr    .         Harm     +   v - +2 pair of gloves {Str+3}
MR       .....                  l - +0 pair of boots
Stlth    ..........             H - amulet of harm
HPRegen  0.23/turn              (no ring)
MPRegen  0.11/turn              x - +5 ring of strength

@: no status effects
A: retaliatory headbutt, horns 2
a: no special abilities


You were on level 7 of the Dungeon.
You were not hungry.

You visited 2 branches of the dungeon, and saw 8 of its levels.

You collected 218 gold pieces.

Inventory:

Hand Weapons
 j - a +1 war axe of chopping (weapon)
 p - a +0 mace
 w - a +0 scythe
Missiles
 i - 138 stones
 m - 74 arrows
 q - 51 bolts
 r - 16 tomahawks (quivered)
 z - 26 sling bullets
 B - 2 needles of sleeping
Armour
 l - a +0 pair of boots (worn)
 s - a +0 plate armour (worn)
 v - a +2 pair of gloves of strength (worn)
 C - a +1 large shield (worn)
 D - a +1 pair of gloves
Jewellery
 x - a +5 ring of strength (right hand)
 H - an amulet of harm (around neck)
 J - an uncursed ring of see invisible {unknown}
Wands
 a - a wand of paralysis (3)
 E - a wand of digging (12)
 G - a wand of iceblast (14)
 I - a wand of clouds (5)
Scrolls
 e - 3 scrolls of identify
 f - a scroll of remove curse
 h - a scroll of magic mapping
 u - 3 scrolls of teleportation
Potions
 b - 2 potions of berserk rage
 d - 2 potions of might
 g - 5 potions of lignification
 k - 2 potions of heal wounds {unknown}
 n - 5 potions of curing
 o - a potion of degeneration {unknown}
 A - a potion of resistance {unknown}
 F - a potion of magic {unknown}
Comestibles
 c - 20 chunks of flesh


   Skills:
 + Level 7.6 Fighting
 * Level 9.8 Axes
 + Level 7.6 Armour
 + Level 7.6 Shields


You had 8 spell levels left.
You didn't know any spells.
Your spell library contained the following spells:

 Spells                   Type           Power        Failure   Level  Hunger
 Animate Skeleton         Necr           N/A          100%        1    ##.....


Dungeon Overview and Level Annotations

Branches:
Dungeon (7/15)             Temple (1/1) D:4

Altars:
Ashenzari
Dithmenos
Elyvilon
Fedhas
Gozag
Hepliaklqana
Kikubaaqudgha
Nemelex Xobeh
Ru
Sif Muna
Trog
Uskayaw
Vehumet
Wu Jian
Xom
Yredelemnul
Zin
The Shining One

Shops:
D:6 *


Innate Abilities, Weirdness & Mutations

You reflexively headbutt those who attack you in melee.
You have a pair of horns on your head.


Message History

The ogre shouts!
Your shield and plate armour prevent you from hitting the ogre.
You headbutt the ogre, but do no damage.
You block the ogre's attack.
You barely miss the ogre. You headbutt the ogre.
The ogre is moderately wounded.
You slash the ogre!
The ogre is severely wounded.
You block the ogre's attack.
You hit the ogre but do no damage. You headbutt the ogre!
You kill the ogre!
Things that are here:
a giant club; an ogre corpse
Things that are here:
a giant club; an ogre corpse You butcher the ogre corpse.
c - 20 chunks of flesh (gained 6)
You see here a giant club.
H - an amulet of harm (around neck) Are you sure you want to abandon this character and quit the game? (Confirm with "yes".)

#....# ########
#....# #......#
#....###
####......###.....[.
##.........[).)#+####
...........###.#.#
#.......###.#.#
#.......##..#.#
###@......##..#.#
#...########.##.#
#.### #..<.# ...
###### ####


There were no monsters in sight!

Vanquished Creatures
  Prince Ribbit (D:6)
  Sigmund (D:3)
  Eustachio (D:6)
  Duvessa (D:6)
  2 ice beasts
  2 phantoms
  3 ogres
  2 bullfrogs (D:6)
  Dowan (D:6)
  A scorpion (D:6)
  A howler monkey (D:5)
  2 jellies
  A crimson imp (D:6)
  4 hounds
  A quasit (D:6)
  6 orc wizards
  4 orc priests
  An iguana (D:4)
  Natasha (thrice) (D:3)
  5 worker ants
  A worker ant zombie (D:6)
  5 gnolls (D:6)
  8 adders
  4 oozes
  An adder skeleton (D:4)
  A worm (D:2)
  A dart slug (D:1)
  5 leopard geckos
  16 orcs
  3 giant cockroaches
  8 goblins
  9 hobgoblins
  15 jackals
  3 quokkas
  A ball python (D:2)
  13 bats
  4 frilled lizards
  A jackal zombie (D:5)
  7 kobolds
  A quokka skeleton (D:4)
  6 rats
156 creatures vanquished.

Notes
Turn   | Place    | Note
-------+----------+-------------------------------------------
     0 | D:1      | Loudmushroom the Minotaur Fighter began the quest for the Orb.
     0 | D:1      | Reached XP level 1. HP: 19/19 MP: 0/0
    93 | D:1      | Reached XP level 2. HP: 25/27 MP: 1/1
   183 | D:1      | Reached skill level 3 in Axes
   390 | D:1      | Reached XP level 3. HP: 23/33 MP: 2/2
  1286 | D:2      | Reached XP level 4. HP: 35/40 MP: 3/3
  1371 | D:2      | Found a white marble altar of Elyvilon.
  1816 | D:2      | Found a radiant altar of Vehumet.
  1816 | D:2      | Found an ancient bone altar of Kikubaaqudgha.
  1817 | D:2      | Found a deep blue altar of Sif Muna.
  1831 | D:2      | Identified Kikubaaqudgha's Volume of Necromancy
  1950 | D:2      | Reached skill level 4 in Axes
  2343 | D:3      | Found an opulent altar of Gozag.
  2343 | D:3      | Noticed Sigmund
  2354 | D:3      | Killed Sigmund
  2354 | D:3      | Reached skill level 5 in Axes
  2354 | D:3      | Reached XP level 5. HP: 43/47 MP: 4/4
  2476 | D:3      | Noticed Natasha
  2481 | D:3      | Reached XP level 6. HP: 55/55 MP: 5/5
  2486 | D:3      | Killed Natasha
  2573 | D:3      | Reached skill level 5 in Armour
  2577 | D:3      | Reached skill level 5 in Fighting
  2577 | D:3      | Reached skill level 5 in Shields
  2625 | D:3      | Noticed Natasha
  2629 | D:3      | Killed Natasha
  2672 | D:3      | Noticed Natasha
  2681 | D:3      | Killed Natasha
  3119 | D:4      | Reached skill level 6 in Axes
  3137 | D:4      | Found a staircase to the Ecumenical Temple.
  3151 | Temple   | Entered the Ecumenical Temple
  3459 | D:4      | Reached XP level 7. HP: 52/61 MP: 6/6
  3673 | D:4      | Found a shattered altar of Ashenzari.
  3735 | D:4      | Found a glowing golden altar of the Shining One.
  4291 | D:5      | Entered Level 5 of the Dungeon
  4345 | D:5      | Reached skill level 7 in Axes
  4478 | D:5      | Got a smoking scale mail
  4489 | D:5      | Identified the +3 scale mail of the Nine Nights {rF- Dex+7 SInv Stlth-} (You found it on level 5 of the Dungeon)
  4673 | D:5      | Reached XP level 8. HP: 64/70 MP: 7/7
  4924 | D:6      | Noticed Prince Ribbit
  4965 | D:6      | Killed Prince Ribbit
  4965 | D:6      | Reached skill level 8 in Axes
  5144 | D:6      | Noticed Eustachio
  5171 | D:6      | Killed Eustachio
  5171 | D:6      | Reached skill level 9 in Axes
  5271 | D:6      | Found a basalt altar of Yredelemnul.
  5403 | D:6      | Noticed Dowan
  5404 | D:6      | Noticed Duvessa
  5413 | D:6      | Killed Duvessa
  5416 | D:6      | Reached XP level 9. HP: 66/79 MP: 8/8
  5427 | D:6      | Killed Dowan
  5601 | D:6      | Found an ornate altar of the Wu Jian Council.
  5853 | D:6      | Found Fothrastro's Assorted Antiques.
  5947 | D:6      | Found a sparkling altar of Nemelex Xobeh.
  6211 | D:7      | Quit the game

Skill      XL: |  1  2  3  4  5  6  7  8 |
---------------+-------------------------+-----
Axes           | 3 5 6 7 9 |  9.8
Shields        | 4 5 6 7 |  7.6
Armour         | 4 5 6 7 |  7.6
Fighting       | 4 5 6 7 |  7.6

Action                   |  1- 3 |  4- 6 |  7- 9 || total
-------------------------+-------+-------+-------++-------
Melee: War axe           |    92 |   105 |   245 ||   442
       Headbutt          |     5 |    22 |    55 ||    82
  Use: Scroll            |       |       |    12 ||    12
  Eat: Chunk             |     1 |     4 |     4 ||     9
       Ration            |       |     1 |     2 ||     3
Armor: Scale mail        |    56 |       |       ||    56
       Plate armour      |     5 |    73 |   126 ||   204
Dodge: Dodged            |    42 |    24 |    23 ||    89
Block: Shield            |    64 |    55 |    15 ||   134
       Large shield      |       |       |   216 ||   216
